 Dungeon Crawl Stone Soup version 0.29-a0-91-gdebf4667c2 (webtiles) character file.

Game seed: 7593914216657205845

142 enile the Skirmisher (level 5, -3/40 HPs)
             Began as a Djinni Fire Elementalist on Feb 8, 2022.
             Was a Follower of Trog.
             Slain by a scorpion (4 damage)
             ... on level 6 of the Dungeon.
             The game lasted 00:04:22 (3618 turns).

enile the Skirmisher (Djinni Fire Elementalist)     Turns: 3618, Time: 00:04:22

Health: -3/40      AC: 11    Str:  9    XL:     5   Next: 49%
Gold:   116        EV:  1    Int: 17    God:    Trog [*.....] SH:  0 Dex: 13

rFire   + + .      SeeInvis .   k - +2 dagger (venom)
rCold   x . .      Faith    .   (no shield)
rNeg    . . .      Spirit   .   f - +0 plate armour
rPois   ∞          Reflect  .   (no helmet)
rElec   .          Harm     .   (no cloak)
rCorr   .          Rampage  .   (no gloves)
Will    .....                   (boots unavailable)
Stlth   ..........              (no amulet)
HPRegen 0.13/turn               (no ring)
MPRegen 0.00/turn               (no ring)

@: brilliant, flying
A: sickness immunity, fire resistance 2, cold vulnerability 1, float, innate
caster, HP casting, extra vitality 1
a: Renounce Religion, Berserk


You were on level 6 of the Dungeon.
You worshipped Trog.
Trog was aware of your devotion.
You visited 1 branch of the dungeon, and saw 4 of its levels.

You collected 116 gold pieces.

Inventory:

Hand Weapons
 b - a +0 dagger
 i - a +0 short sword
 k - a +2 dagger of venom (weapon)
Armour
 a - a +0 robe
 f - a +0 plate armour (worn)
Scrolls
 m - a scroll of identify
Potions
 c - a potion of curing
 l - a potion of brilliance


   Skills:
 + Level 3.0 Fighting
 - Level 1.0 Short Blades
 - Level 3.0 Armour
 - Level 2.2 Dodging
 - Level 1.6 Stealth
 - Level 2.4 Spellcasting


You couldn't memorise any spells.
You knew the following spells:

 Your Spells              Type           Power      Damage    Failure   Level
a - Foxfire               Conj/Fire      60%        2x1d7     100%        1
b - Scorch                Fire           30%        2d6       100%        2
c - Conjure Flame         Conj/Fire      15%        6-21      100%        3
d - Inner Flame           Hex/Fire       15%        N/A       100%        3
e - Flame Wave            Conj/Fire      15%        2d6       100%        4
f - Animate Skeleton      Necr           30%        N/A       100%        1
g - Searing Ray           Conj           30%        2d5       100%        2
Your spell library was empty.


Dungeon Overview and Level Annotations

Branches:
Dungeon (3/15)

Altars:
Trog


Innate Abilities, Weirdness & Mutations

You are immune to sickness and miasma.
You are immune to poison.
Your flesh is very heat resistant. (rF++)
You are vulnerable to cold. (rC-)
You float through the air rather than walking.
You learn spells naturally, not from books.
Your magical power is your life essence.
You have superior vitality. (+4 MHP)


Message History

You hear a shout!
You hear a loud, deep croak!
The centaur shoots an arrow.
The arrow hits you!
As you read the scroll labelled NUSUMI NIREURPH, it crumbles to dust.
It is a scroll of amnesia.
You feel forgetful for a moment.
The centaur shoots an arrow.
The arrow hits you.
The centaur shoots an arrow.
The arrow hits you.
* * * LOW HITPOINT WARNING * * *
As you read the scroll labelled QUNYUM KESTRIA, it crumbles to dust.
The creatures around you are filled with an inner flame!
It was a scroll of immolation.
As you read the scroll labelled YNEG PENWE HOA, it crumbles to dust.
You feel aware of your surroundings.
It was a scroll of magic mapping.
The centaur unwields a +0 shortbow.
The centaur hits you but does no damage.
The centaur kicks you.
* * * LOW HITPOINT WARNING * * *
The scorpion stings you but does no damage.
The centaur hits you but does no damage.
The centaur kicks you but does no damage.
As you read the scroll labelled QEFEFYAMA, it crumbles to dust.
It is a scroll of identify.
c - a potion of curing The scorpion stings you but does no damage.
The centaur hits you but does no damage.
The centaur kicks you but does no damage.
The scorpion stings you.
* * * LOW HITPOINT WARNING * * *
It was a potion of brilliance.
You feel clever all of a sudden.
The centaur hits you but does no damage.
The centaur kicks you but does no damage.
The scorpion stings you but does no damage.
The centaur hits you but does no damage.
The centaur kicks you but does no damage.
You don't have any unidentified items.
The centaur wields a +0 shortbow.
The centaur shoots an arrow.
The arrow hits you.
* * * LOW HITPOINT WARNING * * *
The scorpion stings you.
You die...

*,,,* *,,,,,,**,,,********, *,,,*
#,*#.#.#.***,***** **
*****,,,*###*.*#.#!.####,,,,,* *,
*,,,,,,,,,..#.##.......*,,,,,***,
,,,,,,,,,,,...........,,,,,,,,,*,
*,,,,,,,,,,,#.#.....#,********,,,
*****,,,*****.......#,,,,,,,,*,,,
* *,,,* **#.....#*******,*,*, *
*,,,* #s@...#,,,,,,,,*,*, * *,,,*
#.##..#,********,,, * **,**
#c#*,.#,,,,,,,,*,,, * ****,****
#z.,,,#*******,*,,, *,,,,,,,*
#.##,,*,,,,,,,,*,** *,**,*,<*
#.#*,,*,*##*****,* ***,**,*,,*
#.#*,,,,(.,,,,,,,* *,,,,,,*,,*
#.#####.#**,*,*,** ,,,,,,,,,,*
#.)..z..#**,,,,,*


You could see a centaur (inner flame), a scorpion (inner flame) and a wight
(inner flame).

Vanquished Creatures
  A wight (D:6)
  Terence (D:2)
  4 adders
  2 orcs (D:3)
  A bat (D:2)
  7 endoplasms
  6 goblins
  2 hobgoblins
  6 kobolds
  2 quokkas (D:2)
  3 ball pythons
  5 rats
40 creatures vanquished.

Vanquished Creatures (others)
  14 foxfires (D:1)
14 creatures vanquished.

Grand Total: 54 creatures vanquished

Notes
Turn   | Place    | Note
-------+----------+-------------------------------------------
     0 | D:1      | enile the Djinni Fire Elementalist began the quest for the
                  | Orb.
     0 | D:1      | Reached XP level 1. HP: 15/15 MP: 0/0
     7 | D:1      | Noticed an ogre
     8 | D:1      | Noticed an ogre
    13 | D:1      | Noticed an elf
    15 | D:1      | Noticed an ogre
    15 | D:1      | Noticed a merfolk
    17 | D:1      | Noticed an ogre
    17 | D:1      | Noticed a merfolk zombie
    19 | D:1      | Noticed a gargoyle
   371 | D:1      | Found a faded altar of an unknown god.
   482 | D:1      | Prayed at the altar of an unknown god.
   482 | D:1      | Became a worshipper of Trog the Wrathful
   482 | D:1      | Reached * piety under Trog
   515 | D:1      | Reached skill level 1 in Fighting
   515 | D:1      | Reached XP level 2. HP: 7/22 MP: 0/0
  2009 | D:2      | Reached skill level 1 in Armour
  2009 | D:2      | Reached XP level 3. HP: 14/28 MP: 0/0
  2009 | D:2      | Learned a level 1 spell: Animate Skeleton
  2396 | D:2      | Noticed Terence
  2412 | D:2      | Killed Terence
  2413 | D:2      | Reached XP level 4. HP: 17/33 MP: 0/0
  3413 | D:3      | Reached skill level 1 in Short Blades
  3496 | D:3      | Reached XP level 5. HP: 37/40 MP: 0/0
  3496 | D:3      | Learned a level 2 spell: Searing Ray
  3605 | D:3      | You are sucked into a shaft and drop 3 floors!
  3609 | D:6      | Noticed a centaur
  3618 | D:6      | HP: 1/40 [centaur/arrow (5)]
  3618 | D:6      | Slain by a scorpion

Illustrated notes

Levels and vault maps discovered:
D:1:      shiori_arrival_whats_in_store_for_you, layout_basic,
          basic_ecumenical_altar
D:2:      layout_loops_ring, minmay_cut_off, uniq_terence
D:3:      minmay_evil_eye, layout_basic
D:6:      layout_loops_cross, minivault_27, kennysheep_cross_room,
          chequers_decorated_corner, kennysheep_generic_room_4

Skill      XL: |  1  2  3  4  5 |
---------------+----------------+-----
Fighting       | 1 2 3 |  3.0
Armour         | 1 2 3 |  3.0
Short Blades   | 1 |  1.0
Dodging        | |  2.2
Stealth        | |  1.6
Spellcasting   | |  2.4

Action                   |  1- 3 |  4- 6 || total
-------------------------+-------+-------++-------
Melee: Dagger            |   112 |    70 ||   182
       Short sword       |       |    13 ||    13
       Punch             |       |     2 ||     2
 Cast: Foxfire           |    12 |       ||    12
Invok: Berserk           |     2 |       ||     2
  Use: Scroll            |       |     7 ||     7
       Potion            |       |     1 ||     1
Armor: Plate armour      |    66 |    74 ||   140
       Robe              |     6 |       ||     6
Dodge: Dodged            |    23 |     5 ||    28

Table legend: (Time is in decaauts)
 A = Elapsed time spent in this place.
 B = Non-inter-level travel time spent in this place.
 C = Inter-level travel time spent in this place.
 D = Time resting spent in this place.
 E = Time spent auto-exploring this place.
 F = Levels seen in this place.
 G = Mean time per level.
                   A        B        C        D        E       F      G
               +--------+--------+--------+--------+--------+-----+--------+
         Total |   3636 |   3501 |    135 |      0 |   3091 |   4 |  909.0 |
       Dungeon |   3636 |   3501 |    135 |      0 |   3091 |   4 |  909.0 |
               +--------+--------+--------+--------+--------+-----+--------+

Top non-repeatable levels by time:
     D:1: 1973 daAuts
     D:2: 1247 daAuts
     D:3: 402 daAuts
     D:6: 12 daAuts
